General information
- name: BNet
- type: Ladder 1vs1/FFA
- host: Battle.net
- saver: 7.28
map: TurtleRock
- players: 2
- length: 15:56
- speed: Fast
- version: 1.24 W3XP
- replay type: Public
» download(50 KB)
Players
team 1 (loser)
Dandy (
red | 51 APM | 817 actions | 15:54)
3 Demon Hunter
1 Mana Burn
2 Evasion
» actions
| Assign group hotkey | 2 | |
| Basic commands | 38 | |
| Build / train | 58 | |
| ESC pressed | 1 | |
| Enter build submenu | 23 | |
| Enter hero's abilities submenu | 3 | |
| Remove unit from queue | 3 | |
| Right click | 265 | |
| Select / deselect | 396 | |
| Use ability | 26 | |
817 total
» units
| Wisp | 21 | |
| Archer | 15 | |
| Druid of the Claw | 4 | |
| Dryad | 1 | |
41 total
» upgrades
| Strength of the Moon | 2 | |
| Improved Bows | 1 | |
| Druid of the Claw Training | 1 | |
| Strength of the Wild | 1 | |
| Abolish Magic | 0 | |
5 total
» buildings
| Altar of Elders | 2 | |
| Ancient of War | 3 | |
| Moon Well | 6 | |
| Hunter's Hall | 1 | |
| Ancient Protector | 2 | |
| Tree of Ages | 4 | |
| Ancient of Lore | 1 | |
| Tree of Eternity | 1 | |
20 total
» build order
00:11 Altar of Elders
00:13 Ancient of War
00:31 Moon Well
00:51 Altar of Elders
01:07 Ancient of War
02:01 Moon Well
02:33 Hunter's Hall
03:45 Ancient Protector
03:49 Ancient Protector
04:39 Tree of Ages
04:39 Tree of Ages
04:39 Tree of Ages
05:36 Moon Well
06:37 Moon Well
07:05 Ancient of Lore
10:49 Moon Well
11:52 Moon Well
12:54 Ancient of War
13:14 Tree of Eternity
team 2 (winner)
7.28 (
yellow | 84 APM | 1331 actions | 15:56)
6 Blademaster
2 Wind Walk
3 Critical Strike
1 Bladestorm
» actions
| Assign group hotkey | 31 | |
| Basic commands | 30 | |
| Build / train | 52 | |
| ESC pressed | 3 | |
| Enter build submenu | 20 | |
| Enter hero's abilities submenu | 6 | |
| Give item / drop item | 2 | |
| Right click | 720 | |
| Select / deselect | 137 | |
| Select group hotkey | 258 | |
| Use ability | 72 | |
1331 total
» units
| Peon | 14 | |
| Wind Rider | 6 | |
| Troll Batrider | 3 | |
23 total
» upgrades
| Ranged Weapons | 3 | |
| Envenomed Spears | 1 | |
| Liquid Fire | 1 | |
5 total
» buildings
| Altar of Storms | 1 | |
| Orc Burrow | 4 | |
| Voodoo Lounge | 1 | |
| War Mill | 1 | |
| Stronghold | 1 | |
| Watch Tower | 9 | |
| Beastiary | 2 | |
| Fortress | 1 | |
| Great Hall | 1 | |
21 total
» build order
00:07 Altar of Storms
00:19 Orc Burrow
00:31 Voodoo Lounge
01:28 War Mill
01:40 Orc Burrow
03:05 Stronghold
03:19 Watch Tower
03:27 Watch Tower
03:38 Watch Tower
03:56 Watch Tower
04:19 Orc Burrow
04:23 Watch Tower
04:28 Watch Tower
05:28 Beastiary
05:31 Beastiary
08:08 Orc Burrow
09:00 Fortress
12:45 Great Hall
12:52 Watch Tower
12:52 Watch Tower
12:53 Watch Tower
» items
| Healing Salve | 5 | |
| Lesser Clarity Potion | 6 | |
| Staff of Teleportation | 1 | |
| Orb of Lightning | 1 | |
| Potion of Healing | 2 | |
15 total
Chat log
(15:41 / All) 7.28: gg?
(15:42 / All) 7.28: lol
(15:49 / All) 7.28: buh bye
(15:51 / All) Dandy: what a fucking gay lord newb lol should take this crapy race
(15:53 / All) 7.28: lmfao